Cogmind - Beta 16 @@@ ROGUE MODE // 2026.01.07 @ 16:28:01 Player: Lunishko Result: Destroyed by G-50 Soldier with Heavy Laser Performance ------------- Evolutions (1) 500 Regions Visited (5) 1000 Robots Destroyed (20) 100 Value Destroyed (426) 426 Prototype IDs (23) 460 Alien Tech Used (0) 0 Bonus (300) 300 TOTAL SCORE: 2786 Bonus ------- Aligned with FarCom 300 Cogmind --------- Core Integrity 0/400 Matter 293/300 Energy 100/100 System Corruption 0% Temperature Cool (18) Movement Core (400) Ox7 Location -8/Mines Parts ------- > --- POWER (1) -------- (None) > --- PROPULSION (2) --- (None) > --- UTILITY (4) ------ Large Storage Unit Signal Interpreter 0b10 Alert Chip Light Armor Plating > --- WEAPON (2) ------- (None) > --- INVENTORY (15) --- Structural Scanner Targeting Computer Hacking Suite Datajack Peak State ------------ > --- POWER ------------ Ion Engine > --- PROPULSION ------- Light Treads Light Treads > --- UTILITY ---------- Large Storage Unit Structural Scanner Signal Interpreter 0b10 Alert Chip > --- WEAPON ----------- Hammer Hammer > --- INVENTORY -------- Light Treads Targeting Computer Backup Plating I Light Armor Plating Datajack Mining Laser [Rating: 14] Favorites ----------- Power Ion Engine Engine Ion Engine Propulsion Light Treads Treads Light Treads Utility Structural Scanner Device Structural Scanner Storage Small Storage Unit Processor Signal Interpreter Protection Backup Plating I Weapon Hammer Ballistic Gun Light Assault Rifle Special Weapon Mining Laser Impact Weapon Hammer Build | -11 -10 -9 -9 -9 -8 ------- Run | Yrd Mat Mat Min Exi Min Slots Evolved 2 | . . 2 . . . Power . | . . . . . . Propulsion . | . . . . . . Utility 2 | . . 2 . . . Weapon . | . . . . . . Parts Attached 17 | 5 4 3 . 1 4 Power 1 | . 1 . . . . Engine 1 | . 1 . . . . Core . | . . . . . . Reactor . | . . . . . . Propulsion 3 | 2 . 1 . . . Treads 3 | 2 . 1 . . . Leg . | . . . . . . Wheel . | . . . . . . Hover . | . . . . . . Flight . | . . . . . . Utility 8 | 1 1 2 . 1 3 Device 2 | . 1 1 . . . Storage 2 | 1 . . . 1 . Processor 2 | . . 1 . . 1 Hackware . | . . . . . . Protection 2 | . . . . . 2 Artifact . | . . . . . . Weapon 5 | 2 2 . . . 1 Energy Gun . | . . . . . . Energy Cannon . | . . . . . . Ballistic Gun 2 | 2 . . . . . Ballistic Cannon . | . . . . . . Launcher . | . . . . . . Special Weapon 1 | . . . . . 1 Impact Weapon 2 | . 2 . . . . Slashing Weapon . | . . . . . . Piercing Weapon . | . . . . . . Special Melee Weapon . | . . . . . . Unidentified Prototypes . | . . . . . . Parts Lost 9 | . . . . . 9 Power 1 | . . . . . 1 Propulsion 3 | . . . . . 3 Utility 2 | . . . . . 2 Weapon 3 | . . . . . 3 Highest Loss Streak 8 | . . . . . 8 To Critical Strikes . | . . . . . . Average Backups 6 | 1 3 6 8 7 6 Power . | . . . . . . Propulsion . | . . 1 1 1 . Utility 2 | . . 2 3 3 3 Weapon 1 | . 1 2 3 1 . Tool/Special . | . . . . . . Unused Backups 3 | . . . . . 3 Power . | . . . . . . Propulsion . | . . . . . . Utility 2 | . . . . . 2 Weapon . | . . . . . . Tool/Special 1 | . . . . . 1 Average Slot Usage (%) 97 | . 91 92 100 100 95 Engine 10 | . 11 11 11 11 10 Treads 22 | . 28 20 22 22 20 Device 17 | . 2 18 22 22 11 Storage 11 | . 14 11 11 11 11 Processor 10 | . . 7 11 11 19 Protection 1 | . 6 . . . . Ballistic Gun 1 | . 6 . . . . Impact Weapon 21 | . 21 22 22 22 21 Peak Build Rating 14 | 5 7 9 9 10 14 Average Rating 9 | 3 6 8 9 9 12 On Entrance 6 | . 5 7 9 9 10 Avg Prop Armor Cover (%) . | . . . . . . Naked Turns . | . . . . . . Heaviest Build 31 | 8 15 16 16 31 31 Greatest Support 40 | 40 40 40 40 40 40 Greatest Overweight (x) 7 | . . . . . 7 Average Overweight (x) . | . . . . . . Largest Inventory Capacity 15 | 8 8 8 8 15 15 Average Capacity 9 | 6 8 8 8 9 15 Most Carried 8 | 5 6 8 8 8 7 Average Carried 6 | . 3 6 8 7 6 Final Capacity 15 | 8 8 8 8 15 15 Final Carried 8 | . 6 8 8 7 4 Class Distribution -------------------- 79% | Assassin 20% | Mutant Dominant Class ---------------- Mutant | -10/Materials Assassin | -9/Materials Assassin | -9/Mines Assassin | -9/Exiles Assassin | -8/Mines Resources | -11 -10 -9 -9 -9 -8 ----------- Run | Yrd Mat Mat Min Exi Min Matter Collected 384 | 108 217 43 7 . 9 Remotely . | . . . . . . Salvage Created 577 | . 265 111 26 . 175 Parts 26 | . 12 10 . . 4 Haulers Intercepted . | . . . . . . Recyclers Shooed . | . . . . . . Parts Field Recycled . | . . . . . . Retrieved Matter . | . . . . . . Parts Self-Destructed . | . . . . . . Prevented . | . . . . . . Parts Restored . | . . . . . . Kills | -11 -10 -9 -9 -9 -8 ------- Run | Yrd Mat Mat Min Exi Min Combat Hostiles Destroyed 17 | . 6 4 2 . 5 Melee 5 | . 1 2 . . 2 Guns 4 | . 4 . . . . Classes Destroyed 6 | . 4 2 . . . Worker 1 | . . 1 . . . Builder 1 | . 1 . . . . Recycler 1 | . 1 . . . . Swarmer 10 | . 3 3 2 . 2 Grunt 6 | . 3 . . . 3 Sentry 1 | . . 1 . . . Best Kill Streak 4 | . 4 3 2 . 3 Combat Bots Only 3 | . 3 3 2 . 3 Max Kills in Single Turn 1 | . 1 1 1 . 1 Gunslinging . | . . . . . . Exploded . | . . . . . . Melee 1 | . 1 1 . . 1 Uniques/NPCs Destroyed . | . . . . . . Combat | -11 -10 -9 -9 -9 -8 -------- Run | Yrd Mat Mat Min Exi Min Hostile Shots Fired 176 | . 57 11 13 . 95 Missed 42 | . 13 3 2 . 24 Hits 134 | . 44 8 11 . 71 Projectile 134 | . 44 8 11 . 71 Damage Taken 1703 | . 402 66 89 . 1146 Core 510 | . 108 14 15 . 373 Absorbed by Shields . | . . . . . . Regen/Repaired (Parts) 76 | . . 76 . . . Core Remaining (%) 78 | 100 56 . . . . Volleys Fired 13 | . 12 . . . 1 Largest 2 | . 2 . . . 1 Hottest 100 | . 40 . . . 100 Shots Fired 25 | . 24 . . . 1 Gun 24 | . 24 . . . . Cannon . | . . . . . . Launcher . | . . . . . . Special 1 | . . . . . 1 Kinetic 24 | . 24 . . . . Thermal 1 | . . . . . 1 Explosive . | . . . . . . Electromagnetic . | . . . . . . Robot Hit Streak 5 | . 5 . . . . Robot Miss Streak 3 | . 3 . . . . Penetration Max . | . . . . . . Secondary Targets 2 | . 2 . . . . Max Gunslinging Chain 1 | . 1 . . . . Shots Hit Robots 43 | . 19 6 4 . 14 Core Hits 15 | . 9 3 . . 3 Critical Kills 4 | . . 3 . . 1 Critical Parts Destroyed 6 | . 2 1 . . 3 Critical Strikes 10 | . 2 4 . . 4 Smash 10 | . 2 4 . . 4 Melee Attacks 37 | . 7 7 6 . 17 Impact 37 | . 7 7 6 . 17 Slashing . | . . . . . . Piercing . | . . . . . . Sneak Attacks 3 | . 1 1 . . 1 Combat Hostiles 1 | . . . . . 1 Follow-up Attacks 4 | . . . 1 . 3 Damage Inflicted 1053 | . 336 187 110 . 420 Guns 139 | . 139 . . . . Cannons . | . . . . . . Explosions . | . . . . . . Melee 899 | . 184 187 110 . 418 Ramming 15 | . 13 . . . 2 Kinetic 139 | . 139 . . . . Thermal . | . . . . . . Explosive . | . . . . . . Electromagnetic . | . . . . . . Impact 899 | . 184 187 110 . 418 Slashing . | . . . . . . Piercing . | . . . . . . Highest Corruption . | . . . . . . Average Corruption . | . . . . . . Corruption Purged . | . . . . . . Corruption Blocked . | . . . . . . Overload Shots . | . . . . . . Overflow Damage 243 | . 79 19 33 . 112 Projectiles . | . . . . . . Explosions . | . . . . . . Melee 243 | . 79 19 33 . 112 Knockbacks 2 | . 2 . . . . Impact 2 | . 2 . . . . Kinetic . | . . . . . . Secondary . | . . . . . . Self-Inflicted Damage . | . . . . . . Shots . | . . . . . . Rammed 6 | . 3 . . . 3 Targets Rammed 7 | . 4 . . . 3 Kicked . | . . . . . . Crushed 1 | . 1 . . . . Highest Temperature 28 | . 1 . . . 28 Average Temperature 6 | . 1 . . . 16 Received Heat Transfer 678 | . 111 9 . . 558 Siege Activations . | . . . . . . Martial Activations . | . . . . . . Shielding Activations . | . . . . . . Robots Disrupted . | . . . . . . Combat Hostiles . | . . . . . . Robots Corrupted 8 | . 1 2 2 . 3 Combat Hostiles 8 | . 1 2 2 . 3 Parts Fried 9 | . 2 2 2 . 3 Impact Corruptions 15 | . 3 2 4 . 6 Robots Melted . | . . . . . . Combat Hostiles . | . . . . . . Parts Melted . | . . . . . . Heat Transferred . | . . . . . . Parts Sabotaged . | . . . . . . Parts Stolen . | . . . . . . Parts Stripped . | . . . . . . Power Chain Reactions . | . . . . . . Alert | -11 -10 -9 -9 -9 -8 ------- Run | Yrd Mat Mat Min Exi Min Maximum Alert Level . | . . . . . . Low Security (%) 100 | 100 100 100 100 . 100 Level 1 . | . . . . . . Level 2 . | . . . . . . Level 3 . | . . . . . . Level 4 . | . . . . . . Level 5 . | . . . . . . High Security . | . . . . . . Max Security . | . . . . . . Peak Influence 99 | . 99 70 75 . 80 Initial 17 | . . . 17 . . Average 21 | . 36 17 12 . 19 Influence Increases 519 | . 189 125 85 . 120 Destroy 0b10 Robot/C 340 | . 120 80 40 . 100 Destroy 0b10 Robot/NC 15 | . 10 5 . . . Destroy Leader 60 | . 20 20 . . 20 Successful Hack 28 | . 23 5 . . . Disable Machine 15 | . . 15 . . . Destroy Structure 1 | . 1 . . . . Lose Combat Pursuer 60 | . 15 . 45 . . Influence Decreases 519 | . 189 80 130 . 120 Entered New Map 28 | . . . 28 . . Time Decay 481 | . 189 80 102 . 110 Lost Part 10 | . . . . . 10 Squads Dispatched 1 | . 1 . . . . Investigation . | . . . . . . Extermination . | . . . . . . Reinforcement 1 | . 1 . . . . Assault . | . . . . . . Garrison . | . . . . . . Intercept . | . . . . . . Searches Triggered . | . . . . . . Construction Impeded . | . . . . . . Haulers Reinforced . | . . . . . . Active Scanning Responses . | . . . . . . Cargo Convoy Interrupts . | . . . . . . Stealth | -11 -10 -9 -9 -9 -8 --------- Run | Yrd Mat Mat Min Exi Min Distress Signals 1 | . . 1 . . . Communications Jammed . | . . . . . . Distress Signals . | . . . . . . Times Spotted 26 | . 7 6 5 . 8 Peak Tracking Total 4 | . 4 4 4 . 3 Tactical Retreats 2 | . 1 . 1 . . Traps | -11 -10 -9 -9 -9 -8 ------- Run | Yrd Mat Mat Min Exi Min Traps Triggered . | . . . . . . Indirectly . | . . . . . . Trap Hack Attempts . | . . . . . . Triggered . | . . . . . . Disarmed . | . . . . . . Reprogrammed . | . . . . . . Reused . | . . . . . . Traps Extracted . | . . . . . . Installed . | . . . . . . Triggered . | . . . . . . Machines | -11 -10 -9 -9 -9 -8 ---------- Run | Yrd Mat Mat Min Exi Min Machines Disabled 1 | . . 1 . . . Max in Single Turn 1 | . . 1 . . . Machines Repaired . | . . . . . . Machines Dismantled . | . . . . . . Machines Sabotaged . | . . . . . . Overloaded Fab Kills . | . . . . . . Hacking | -11 -10 -9 -9 -9 -8 --------- Run | Yrd Mat Mat Min Exi Min Machines Accessed 13 | . 5 3 . 5 . Terminals 5 | . 4 1 . . . Fabricators . | . . . . . . Repair Stations 2 | . 1 1 . . . Recycling Units . | . . . . . . Scanalyzers 1 | . . 1 . . . Garrison Access . | . . . . . . Total Hacks 70 | . 11 9 . 50 . Successful 62 | . 6 6 . 50 . Failed 7 | . 5 2 . . . Catastrophic . | . . . . . . Database Lockouts 1 | . . 1 . . . Manual 4 | . . . . 4 . Terminals 13 | . 10 3 . . . Fabricators . | . . . . . . Repair Stations 3 | . 1 2 . . . Recycling Units . | . . . . . . Scanalyzers 4 | . . 4 . . . Garrison Access . | . . . . . . Terminal Hacks 56 | . 5 1 . 50 . Record 49 | . . . . 49 . Alert Level 1 | . 1 . . . . Maintenance Status 1 | . 1 . . . . Hauler Manifests 1 | . . 1 . . . Registered Components 1 | . 1 . . . . Zone Layout 2 | . 2 . . . . Proto ID Catalog 1 | . . . . 1 . Fabricator Hacks . | . . . . . . Repair Station Hacks 3 | . 1 2 . . . Scan Component 1 | . . 1 . . . Repair 1 | . . 1 . . . Refit 1 | . 1 . . . . Recycling Unit Hacks . | . . . . . . Scanalyzer 3 | . . 3 . . . Insert Component 1 | . . 1 . . . Analyze 1 | . . 1 . . . Retrieve Study 1 | . . 1 . . . Garrison Access Hacks . | . . . . . . Unauthorized Hacks . | . . . . . . Terminals . | . . . . . . Fabricators . | . . . . . . Repair Stations . | . . . . . . Recycling Units . | . . . . . . Scanalyzers . | . . . . . . Garrison Access . | . . . . . . Data Cores Recovered . | . . . . . . Used . | . . . . . . Hacking Detections 4 | . 2 2 . . . Full Trace Events . | . . . . . . Feedback Events . | . . . . . . Feedback Blocked . | . . . . . . Robot Schematics Acquired . | . . . . . . Robots Built . | . . . . . . Authchips . | . . . . . . Time . | . . . . . . Total Robot Build Rating . | . . . . . . Part Schematics Acquired 1 | . . 1 . . . Parts Built . | . . . . . . Authchips . | . . . . . . Time . | . . . . . . Total Part Build Rating . | . . . . . . Part Studies Acquired 1 | . . 1 . . . Parts Repaired 1 | . . 1 . . . Time 26 | . . 26 . . . Parts Recycled . | . . . . . . Recycled Matter . | . . . . . . Retrieved Matter . | . . . . . . Retrieved Components . | . . . . . . Parts Scanalyzed 1 | . . 1 . . . Part Schematics Acquired 1 | . . 1 . . . Parts Damaged . | . . . . . . Bothacking | -11 -10 -9 -9 -9 -8 ------------ Run | Yrd Mat Mat Min Exi Min Used RIF Installer . | . . . . . . Robots Hacked . | . . . . . . Non-combat . | . . . . . . Combat . | . . . . . . Robot Hacks Applied . | . . . . . . Relay Couplers Released . | . . . . . . Fabnet Peak Effective % . | . . . . . . Robots Rewired . | . . . . . . Allies Hacked . | . . . . . . Hacks Repelled . | . . . . . . Allies | -11 -10 -9 -9 -9 -8 -------- Run | Yrd Mat Mat Min Exi Min Total Allies . | . . . . . . Largest Group . | . . . . . . Highest-Rated Group . | . . . . . . Highest-Rated Ally . | . . . . . . Total Orders . | . . . . . . Ally Attacks . | . . . . . . Total Damage . | . . . . . . Kills . | . . . . . . Allies Corrupted . | . . . . . . Allies Melted . | . . . . . . Intel | -11 -10 -9 -9 -9 -8 ------- Run | Yrd Mat Mat Min Exi Min Active Infowar (turns) 2553 | . 83 278 558 1201 433 Sensors 2008 | . . 208 558 1201 41 Structural 2553 | . 83 278 558 1201 433 Robot Analysis Total . | . . . . . . Derelict Logs Recovered 2 | . . . 2 . . Drone Launches . | . . . . . . Drone Recoveries . | . . . . . . Exploration | -11 -10 -9 -9 -9 -8 ------------- Run | Yrd Mat Mat Min Exi Min Turns Passed 3004 | 40 461 278 558 1201 466 Spaces Moved 1678 | 29 245 138 340 748 178 Core 16 | 14 . . . . 2 Treads 1662 | 15 245 138 340 748 176 Legs . | . . . . . . Wheels . | . . . . . . Hover . | . . . . . . Flight . | . . . . . . Fastest Speed 50 | 50 160 160 160 160 160 Average Speed 159 | 106 160 160 160 160 164 Slowest Speed 400 | 160 160 160 160 160 400 Overloaded Moves . | . . . . . . Propulsion Burnouts . | . . . . . . Robots Hopped . | . . . . . . Potential Cave-ins . | . . . . . . Cave-ins Triggered . | . . . . . . Exploration Rate (%) 42 | 3 38 13 74 93 32 Regions Visited 5 Branch Regions 3 Pre-discovered Areas 1 | . . . . 1 . Known Exits Taken 3 | . . 1 1 1 . Unknown Exits Taken 2 | 1 1 . . . . Scrap Searched 2 | . . . 2 . . Spaces Dug 1 | . 1 . . . . Terrain Destroyed 1 | . 1 . . . . Melee 1 | . 1 . . . . Projectile . | . . . . . . AOE . | . . . . . . Terrain Rammed . | . . . . . . Walls Destroyed . | . . . . . . Machines Disabled . | . . . . . . Actions | -11 -10 -9 -9 -9 -8 --------- Run | Yrd Mat Mat Min Exi Min Total 1913 | 38 278 183 345 753 316 Wait 144 | . 1 28 1 . 114 Move 1673 | 28 244 137 339 747 178 Hop . | . . . . . . Pick Up 20 | 5 7 5 . 2 1 Fast Attach . | . . . . . . Attach 14 | 5 1 4 . . 4 Detach 1 | . . 1 . . . Swap 6 | . 3 1 . 1 1 Drop 3 | . . . . 3 . Fire 13 | . 12 . . . 1 Melee 32 | . 6 7 5 . 14 Ram 3 | . . . . . 3 Kick . | . . . . . . Crush 4 | . 4 . . . . Escape Stasis . | . . . . . . Rewire . | . . . . . . Trap . | . . . . . . Miscellaneous . | . . . . . . Route ------- -11/Scrapyard -10/Materials -9/Materials -9/Mines -9/Exiles (discovered 2 exits: *Min x2) -8/Mines (discovered 1 exit: [*Mat]) History --------- Turn | Location | Event 5 | -11/Scrapyard | Discovered new exit (range 15) 41 | -11/Scrapyard | Entered Materials 317 | -10/Materials | Build established: Mutant 448 | -10/Materials | Discovered new exit (range 16) 502 | -10/Materials | Entered another Materials area 502 | -9/Materials | Evolved 2 slots: Utility x2 641 | -9/Materials | Central database locked down 713 | -9/Materials | Repaired Lgt. Treads 757 | -9/Materials | Discovered new exit (range 7) 768 | -9/Materials | Identified exit to Mines 780 | -9/Materials | Entered Mines 839 | -9/Mines | Met a Derelict bent on vengeance 863 | -9/Mines | Build established: Assassin 1114 | -9/Mines | Learned Materials interactive machine intel 1295 | -9/Mines | Learned Materials trap positions 1327 | -9/Mines | Deemed a non-threat by the Exiles lab entrance 1327 | -9/Mines | Discovered new exit (range 6) 1335 | -9/Mines | Identified exit to Exiles 1338 | -9/Mines | Entered Exiles 1393 | -9/Exiles | Met 8R-AWN 1406 | -9/Exiles | Discovered new exit (range 15) 1506 | -9/Exiles | Met EX-HEX 1606 | -9/Exiles | Met EX-BIN 1665 | -9/Exiles | Aligned with FarCom system 1666 | -9/Exiles | Given EX-Vault access code 1778 | -9/Exiles | Opened EX-Vault 1788 | -9/Exiles | Found Prototype Processor 1792 | -9/Exiles | Identified 0b10 Alert Chip 1825 | -9/Exiles | Warned to stay clear of 0b10 Research branches 1880 | -9/Exiles | Met EX-DEC 1894 | -9/Exiles | Learned location of Zion (-6) 2009 | -9/Exiles | Visited The Gauntlet 2395 | -9/Exiles | Discovered new exit (range 14) 2415 | -9/Exiles | Identified exit to Mines 2539 | -9/Exiles | Left Exiles lab with 0b10 Alert Chip 2539 | -9/Exiles | Entered Mines 2744 | -8/Mines | Discovered new exit (range 8) 2994 | -8/Mines | Core integrity fell below 50% 3001 | -8/Mines | Core integrity fell below 20% 3005 | -8/Mines | Destroyed by G-50 Soldier with Heavy Laser Last Messages --------------- 02604_ G-47 Trooper suffers critical hit (Smash). 02604_ G-47 Trooper destroyed. 02606_ K-01 Serf collects debris. 02722_ Acquired Hacking Suite. 02744_ EXIT=FOUND 02960_ Plasma Injector explodes. 02965_ Ion Engine destroyed. 02967_ Lgt. Treads destroyed. 02974_ Hammer+ destroyed. 02982_ Lgt. Treads destroyed. 02987_ Mining Laser destroyed. 02987_ Backup Plating I destroyed. 02994_ Hammer+ destroyed. 02996_ Slammed into G-47 Trooper. 03000_ Destabilizing: Core damaged (-8). 03004_ Slammed into G-47 Trooper. 03004_ Destabilizing: System interference. 03004_ 0b10 Alert Chip temporarily disabled. Map ----- +----------------------------------------------------+ | ###???## ########### ##???? | | ##????## ########### ###???? | | ??????## ####???? | | ??????############### ####????? | | ??????#################### ###?????? | | ???????????????????####### ##??????? | | ????????????????????###### ##??????? | | ???????????????????####### ##??????? | | ?????????????######### ## ##??????? | | ????????????? ####### ##??????? | | ??????????? ###?????? | | ??????????? = ####????? | | ????????????? ##### # ## ###????? | | ?????????????###### ###### ##????? | | ??????????????????? ###### = ##????? | | ?????????????????## ????## ##????? | | ?????????????????## ##??### ###????? | | ????????????####### ##??### ####????? | | ???????????? ###### ##### ###?????? | | ???????????? #### ##??????? | | ???????????? < ##??????? | | ???????????????## #######?? | | ???????????????### ##### #######?? | | ??????????????? ###?###### ##?? | | ????????????????????###### #### ##?? | | ??????????????????####"#;@g #### ##?? | | ??????????????????###; g g #### ##?? | | ??????????????????##; #### ##?? | | ?????????????????###; ### ##?? | | ???????????????##### ### ##?? | | ??????????????##### ### ##?? | | ??????????????### ### ##?? | | ??????????????## #; ## ###? | | ??????????????### ###; ###? | | ??????????????############# ### | | ???????????????############## ## | | ?????????????????????????##### ## | | ???????????????????????????#### ### | | ????????????????????????????######### | | ?????????????????????????????#######? | | ????????????????????????????????????? | | ????????????????????????????????????? | | ????????????????????????????????????? | | ????????????????????????????????????? | | ????????????????????????????????????? | | ????????????????????????????????????? | | ????????????????????????????????????? | | ????????????????????????????????????? | | ????????????????????????????????????? | | ????????????????????????????????????? | +----------------------------------------------------+ Best States ------------- Heat Dissipation 28 Energy Generation 10 Energy Capacity 250 Matter Stores 300 Matter Capacity 300 Sight Range 16 Robot Scan Range 14 Terrain Scan Density 10 Armor Coverage 150 Evasion (%) 50 Recoil Reduction 2 Item Schematics ----------------- Datajack | -9/Materials | Scanalyzed Robot Schematics ------------------ None Fabricated ------------ Nothing Repaired ---------- Lgt. Treads | 45% | -9/Materials Studied --------- Hammer | -9/Materials | Hacked Alien Tech Used ----------------- None Achievements -------------- Sixth Sense Challenges ------------ None Game ------ Seed NanofilamentsPointyPower Manual? 0 Play Time 00:29:42 Cumulative 8.1 hours Start 2026.01.07 @ 15:59:32 End 2026.01.07 @ 16:28:01 Sessions 1 Manual Loads 0 Difficulty Rogue Special Mode None Game No. 9 Rogue 9 Adventurer 0 Explorer 0 Win Type - Total 0 Types 0/0/0/0/0/0/0/0/0/0 Lore% 16 Gallery% 7 Achievement% 10 Wizard Run 0 Options --------- Layout 1 ASCII 0 Keyboard 0 Movement Arrows Keybinds 0 Fullscreen 2 Font 48/Proggy Map View 50x35 Zoom Use 0% Tactical HUD 1 Map Filters NONE Filters NONE Steam 1 RUN: 7b9147ba-8bcf-4b4b-aa99-07d874b81bbf